 Dungeon Crawl Stone Soup version 0.31.0-9-g3a7656b989 (webtiles) character file.

Game seed: 17693126063646167049

101 qw the Shooter (level 4, 0/25 HPs)
             Began as a Deep Elf Hunter on Feb 2, 2024.
             Slain by a gnoll
             ... wielding a +0 flail
              (4 damage)
             ... on level 3 of the Dungeon.
             The game lasted 00:00:30 (1369 turns).

qw the Shooter (Deep Elf Hunter)                    Turns: 1369, Time: 00:00:30

Health: 0/25       AC: 10    Str: 10    XL:     4   Next: 48%
Magic:  6/6        EV:  9    Int: 14    God:
Gold:   72         SH:  0    Dex: 18    Spells: 3/3 levels left

rFire   + . .        a - +2 shortbow
rCold   . . .        (shield currently unavailable)
rNeg    . . .        h - +0 scale mail {rF+}
rPois   .            f - +2 hat
rElec   .            b - +0 cloak
rCorr   .            (no gloves)
SInv    .            d - +0 pair of boots
Will    .....        (no amulet)
Stlth   +            (no ring)
HPRegen 0.24/turn    (no ring)
MPRegen 0.10/turn

%: no passive effects
@: no status effects
A: no striking features
a: no special abilities


You were on level 3 of the Dungeon.
You visited 1 branch of the dungeon, and saw 3 of its levels.

You collected 72 gold pieces.


   Skills:
 - Level 1.5 Fighting
 + Level 7.9 Ranged Weapons
 - Level 2.4 Dodging
 - Level 1.2 Stealth


You had 3 spell levels left.
You didn't know any spells.
Your spell library was empty.

Inventory:

Hand Weapons
 a - a +2 shortbow (weapon)
Armour
 b - a +0 cloak (worn)
 d - a +0 pair of boots (worn)
 f - a +2 hat (worn)
 h - a +0 scale mail of fire resistance (worn)
Potions
 e - 2 potions of attraction {unknown}
 i - a potion of enlightenment

Dungeon Overview and Level Annotations

Branches:
Dungeon (3/15)

Altars:


Message History

The gnoll shouts!
You struggle against the net.
You struggle against the net.
A dart slug comes into view.
You struggle against the net.
You rip the net and break free!
You are starting to lose your buoyancy.
The gnoll barely misses you. The gnoll closely misses you.
You shoot an arrow. The arrow barely misses the gnoll.
The gnoll hits you but does no damage. x2
You shoot an arrow. The arrow completely misses the gnoll.
The gnoll hits you with a +0 flail! The gnoll hits you with a +0 club.
The gnoll hits you but does no damage. x2; The gnoll hits you with a +0 flail.
You shoot an arrow. The arrow hits the gnoll.
You kill the gnoll!
The gnoll closely misses you. The gnoll hits you but does no damage.
You shoot an arrow. The arrow closely misses the gnoll.
You float gracefully downwards.
The gnoll barely misses you. x2
You shoot an arrow. The arrow hits the gnoll.
The gnoll is lightly wounded.
The gnoll hits you but does no damage. The gnoll closely misses you.
The gnoll hits you but does no damage. x2
You shoot an arrow. The arrow closely misses the gnoll.
The gnoll hits you with a +0 flail. The gnoll hits you with a +0 flail!
The dart slug completely misses you.
You shoot an arrow. The arrow hits the gnoll.
The gnoll is moderately wounded.
The gnoll barely misses you. The gnoll misses you.
The dart slug closely misses you.
You shoot an arrow. The arrow barely misses the gnoll.
Your enlightenment fades.
The gnoll closely misses you. The gnoll hits you but does no damage.
The dart slug launches a dart at you. The slug dart hits you.
The gnoll hits you but does no damage. The gnoll closely misses you.
You shoot an arrow.
The arrow hits the gnoll but does no damage.
The gnoll is moderately wounded.
The gnoll hits you with a +0 flail.
You die...

##... ## #
......... ..
...#.#.# #..
#.....%###. #
#..###..#?#)......
........#....##..#
#........w.......
#....@g...##..#
###..#g<.......
.#####..#....###..
.............#
####.#..#....#
###########


You could see 2 gnolls and a dart slug.

Vanquished Creatures
  5 adders (D:2)
  A gnoll (D:3)
  A dart slug (D:1)
  3 bats
  4 endoplasms
  3 giant cockroaches
  6 goblins
  5 hobgoblins
  3 quokkas
  5 ball pythons
  4 rats
40 creatures vanquished.

Notes
Turn   | Place    | Note
-------+----------+-------------------------------------------
     0 | D:1      | qw the Deep Elf Hunter began the quest for the Orb.
     0 | D:1      | Reached XP level 1. HP: 12/12 MP: 3/3
     0 | D:1      | 0 ||| qw: Version: 0.3-a-155-g5e7d8dd
     0 | D:1      | 0 ||| qw: Game counter: 2861
     0 | D:1      | 0 ||| qw: Melee chars always use a shield: true
     0 | D:1      | 0 ||| qw: God list: Okawaru
     0 | D:1      | 0 ||| qw: Allow faded altars: false
     0 | D:1      | 0 ||| qw: Do Orc after clearing Dungeon:15 true
     0 | D:1      | 0 ||| qw: Do second Lair branch before Depths: true
     0 | D:1      | 0 ||| qw: Lair rune preference: random
     0 | D:1      | 0 ||| qw: Goals: Normal
     0 | D:1      | 0 ||| PLANNING D:1-11
   118 | D:1      | Found a faded altar of an unknown god.
   333 | D:1      | Reached skill level 6 in Ranged Weapons
   333 | D:1      | Reached XP level 2. HP: 9/16 MP: 4/4
   715 | D:1      | 715 ||| UPGRADING to +0 pair of boots.
   720 | D:1      | 720 ||| UPGRADING to +2 hat.
   725 | D:1      | 725 ||| UPGRADING to +0 scale mail of fire resistance.
   735 | D:1      | 735 ||| DROPPING +0 leather armour.
   736 | D:1      | 736 ||| READING scroll labelled QEOPPU MIMUR.
   740 | D:1      | 740 ||| READING scroll labelled LIVOG FAZION.
   741 | D:1      | 741 ||| DROPPING scroll of butterflies.
   786 | D:2      | Reached XP level 3. HP: 20/20 MP: 5/5
   817 | D:2      | Reached skill level 7 in Ranged Weapons
   921 | D:2      | Reached XP level 4. HP: 25/25 MP: 6/6
  1220 | D:2      | 1220 ||| UPGRADING to +0 cloak.
  1225 | D:2      | 1225 ||| READING scroll labelled NUV SOYTIOFOL.
  1226 | D:2      | 1226 ||| READING 2 scrolls labelled WIBBOP ZIUX.
  1226 | D:2      | 1226 ||| ENCHANTING +0 shortbow.
  1227 | D:2      | 1227 ||| READING scroll of enchant weapon.
  1227 | D:2      | 1227 ||| ENCHANTING +1 shortbow.
  1228 | D:2      | 1228 ||| READING scroll labelled MESTET VIEFE.
  1329 | D:2      | 1329 ||| DRINKING 2 bubbling white potions.
  1366 | D:3      | HP: 5/25 [gnoll/+0 flail (7)]
  1369 | D:3      | Slain by a gnoll

Levels and vault maps discovered:
D:1:      beargit_arrival_diablo_church, layout_basic,
          nicolae_ecumenical_snake_handling, minmay_surrounded
D:2:      layout_rooms
D:3:      layout_basic, serial_curves, eino_curves_04, eino_curves_04,
          eino_curves_01, eino_curves_01

Skill      XL: |  1  2  3 |
---------------+----------+-----
Ranged Weapons | 6 7 |  7.9
Fighting       | |  1.5
Dodging        | |  2.4
Stealth        | |  1.2

Action                     |  1- 3 |  4- 6 || total
---------------------------+-------+-------++-------
   Fire: Shortbow          |    88 |    33 ||   121
    Use: Scroll            |     2 |     4 ||     6
         Potion            |       |     1 ||     1
 Armour: Leather armour    |     4 |       ||     4
         Scale mail        |    20 |    28 ||    48
  Dodge: Dodged            |    13 |    18 ||    31

Table legend:
 A = Non-vault XP
 B = Vault XP
 C = Vault XP percentage of total XP
 D = Non-vault monster count
 E = Vault monster count
 F = Vault count percentage of total count
                 A         B        C        D         E       F
            +---------+---------+-------+---------+---------+-------
      Total |     138 |       7 |   4.8 |      36 |       4 |  10.0
            +---------+---------+-------+---------+---------+-------
        D:1 |      30 |       7 |  18.9 |      16 |       4 |  20.0
        D:2 |      92 |       0 |   0.0 |      18 |       0 |   0.0
        D:3 |      16 |       0 |   0.0 |       2 |       0 |   0.0
            +---------+---------+-------+---------+---------+-------
